 Dungeon Crawl Stone Soup version 0.26.1-11-gd32895ea62 (webtiles) character file.

Game seed: 6351221438243723539

3580 Descartes the Covert (level 9, -8/35 HPs)
             Began as a Felid Transmuter on July 20, 2021.
             Mangled by a yak (10 damage)
             ... on level 11 of the Dungeon.
             The game lasted 00:28:40 (16390 turns).

Descartes the Covert (Felid Transmuter)            Turns: 16390, Time: 00:28:40

Health: -8/35      AC:  6    Str: 15    XL:     9   Next: 84%
Magic:  12/13      EV: 26    Int: 16    God:
Gold:   612        SH:  0    Dex: 16    Spells: 4/12 levels left
                                        Lives:  0   Deaths: 3

rFire    . . .     SeeInvis +     - Unarmed
rCold    . . .     Faith    .   (shield unavailable)
rNeg     . . .     Spirit   .   (armour unavailable)
rPois    .         Reflect  .   (helmet unavailable)
rElec    .         Harm     .   (cloak unavailable)
rCorr    .         Rampage  .   (gloves unavailable)
Will     +....                  (boots unavailable)
Stlth    +++++.....             x - amulet of regeneration
HPRegen  0.51/turn              i - +4 ring of protection
MPRegen  0.13/turn              g - +6 ring of strength

@: appendages, quick
A: very small, no armour, no weapons or thrown items, stealth, claws 1, fangs 3,
horns 2, see invisible, speed 1, shaggy fur 2, sharp paws
a: End Transformation


You were on level 11 of the Dungeon.
You had grown temporary horns.
You visited 2 branches of the dungeon, and saw 12 of its levels.

You collected 714 gold pieces.
You spent 102 gold pieces at shops.

Inventory:

Missiles
 d - 313 stones
Jewellery
 c - an uncursed ring of resist corrosion
 g - a +6 ring of strength (right paw)
 h - an uncursed ring of willpower {unknown}
 i - a +4 ring of protection (left paw)
 k - an uncursed ring of protection from fire
 q - an uncursed ring of fire
 x - an amulet of regeneration (around neck)
 B - an uncursed amulet of guardian spirit
 D - an uncursed ring of ice
Wands
 r - a wand of digging (5)
 t - a wand of paralysis (5)
 u - a wand of random effects (17)
 w - a wand of disintegration (15)
 A - a wand of iceblast (5)
Scrolls
 b - 4 scrolls of blinking {unknown}
 e - 5 scrolls of teleportation
 f - 2 scrolls of magic mapping {unknown}
 j - 3 scrolls of amnesia {unknown}
 l - 8 scrolls of remove curse
 p - 2 scrolls of fog {unknown}
 s - a scroll of torment {unknown}
 y - a scroll of fear
 z - 3 scrolls of identify
 C - a scroll of random uselessness {unknown}
 E - a scroll of silence {unknown}
Potions
 a - 2 potions of flight
 m - 2 potions of attraction
 n - 2 potions of berserk rage
 o - 2 potions of lignification
 v - a potion of magic
 F - a potion of might {unknown}
 G - a potion of haste {unknown}


   Skills:
 - Level 1.0 Fighting
 - Level 10.0 Dodging
 - Level 10.0 Stealth
 + Level 9.9 Unarmed Combat
 - Level 2.0 Spellcasting
 - Level 10.0 Transmutations


You had 4 spell levels left.
You knew the following spells:

 Your Spells              Type           Power        Failure   Level
a - Beastly Appendage     Tmut           66%          1%          1
b - Blade Hands           Tmut           16%          10%         5
c - Wereblood             Tmut           33%          1%          2

Your spell library contained the following spells:

 Spells                   Type           Power        Failure   Level
 Spider Form              Tmut/Pois      8%           8%          3
 Animate Skeleton         Necr           2%           21%         1
 Apportation              Tloc           2%           21%         1
 Corona                   Hex            1%           21%         1
 Summon Small Mammal      Summ           4%           21%         1
 Ice Form                 Ice/Tmut       17%          26%         4
 Ensorcelled Hibernation  Hex/Ice        2%           30%         2
 Confusing Touch          Hex            1%           52%         3
 Dazzling Flash           Conj/Hex       2%           52%         3
 Tukima's Dance           Hex            1%           52%         3


Dungeon Overview and Level Annotations

Branches:
Dungeon (11/15)            Temple (1/1) D:7
   Lair: D:8-11         Orc: D:9-12

Altars:
Ashenzari
Cheibriados
Dithmenos
Elyvilon
Fedhas
Gozag
Hepliaklqana
Kikubaaqudgha
Makhleb
Nemelex Xobeh
Okawaru
Qazlal
Ru
Sif Muna
Trog
Uskayaw
Vehumet
Wu Jian
Xom
Yredelemnul
Zin
The Shining One

Shops:
D:8 ?

Annotations:
D:8 2 transporters, Bergy's ghost, novice GrFi


Innate Abilities, Weirdness & Mutations

You cannot wear armour.
You are incapable of wielding weapons or throwing items.
Your paws allow you to move quietly. (Stealth)
You have sharp claws.
You have razor-sharp teeth.
You have supernaturally acute eyesight. (SInv)
You cover ground quickly.
You are covered in thick fur. (AC +2)
Your sharp claws are effective at attacking unaware monsters.
You have a pair of horns on your head.


Message History

You scratch the yak but do no damage. You bite the yak.
The yak is lightly wounded.
The yak gores you!
* * * LOW HITPOINT WARNING * * *
You barely miss the yak.
The yak is lightly wounded.
The yak closely misses you.
You scratch the yak.
The yak is moderately wounded.
The yak misses you. The yak gores you.
* * * LOW HITPOINT WARNING * * *
You claw the yak!
The yak is heavily wounded.
The yak gores you.
* * * LOW HITPOINT WARNING * * *
The yak misses you.
You scratch the yak but do no damage. You headbutt the yak.
The yak is heavily wounded.
The yak gores you!
You die...

#.........##
#...........
#..........
#........#
#........#
#........#
#........#
#.†Y@....#
#...Y....#
#........#
#>.......#
#..........
#...........
#..####.....
#.. .....
#.. ...


You could see 2 yaks.

Vanquished Creatures
  Fannar (D:10)
  Pikel (D:8)
  A centaur zombie (D:10)
  Maggie (D:10)
  A komodo dragon (D:10)
  2 yaks (D:11)
  The ghost of sshlich the Grave Robber, an amateur DENe (D:4)
  A water moccasin (D:9)
  2 orc warriors
  A hornet zombie (D:10)
  2 phantoms
  4 necrophages
  A black bear (D:10)
  An ogre (D:9)
  3 centaurs
  A lemure (D:8)
  4 bullfrogs
  2 big kobolds
  4 scorpions
  9 killer bees
  A troll zombie (D:9)
  2 wights (D:9)
  A howler monkey (D:9)
  A bullfrog zombie (D:10)
  2 bullfrog skeletons
  2 human zombies (D:9)
  2 jellies (D:6)
  5 orc priests
  Crazy Yiuf (D:6)
  Ijyb (D:5)
  2 hounds
  9 orc wizards
  A centaur skeleton (D:6)
  2 human skeletons (D:9)
  A hell rat (D:6)
  4 iguanas
  10 worker ants
  A killer bee zombie (D:6)
  An ogre zombie (D:9)
  2 hound skeletons
  A hound zombie (D:7)
  A mummy (D:9)
  2 worker ant zombies
  A howler monkey skeleton (D:10)
  7 gnolls
  12 adders
  6 river rats (D:6)
  3 shadow imps
  4 white imps
  2 ufetubi (D:8)
  2 adder skeletons
  5 worms
  6 dart slugs
  3 leopard geckos
  30 orcs
  2 ball pythons
  4 giant cockroaches
  7 goblins
  10 hobgoblins
  4 jackals (D:2)
  3 quokkas
  10 bats
  4 frilled lizards
  A jackal skeleton (D:4)
  15 kobolds
  An orc skeleton (D:9)
  19 rats
259 creatures vanquished.

Notes
Turn   | Place    | Note
-------+----------+-------------------------------------------
     0 | D:1      | Descartes the Felid Transmuter began the quest for the Orb.
     0 | D:1      | Reached XP level 1. HP: 9/9 MP: 4/4
   282 | D:1      | Reached skill level 1 in Stealth
   420 | D:1      | Reached XP level 2. HP: 12/12 MP: 4/6
  1097 | D:1      | Reached XP level 3. HP: 15/15 MP: 5/7
  1922 | D:2      | Reached XP level 4. HP: 19/19 MP: 6/8
  2115 | D:2      | Found a white marble altar of Elyvilon.
  2174 | D:2      | Found a basalt altar of Yredelemnul.
  2452 | D:2      | Found a sacrificial altar of Ru.
  2693 | D:3      | Found a faded altar of an unknown god.
  3248 | D:3      | Reached XP level 5. HP: 22/22 MP: 9/9
  3556 | D:4      | Slain by an orc
  3557 | D:4      | Reached XP level 4. HP: 0/19 MP: 8/8
  4327 | D:3      | Reached XP level 5. HP: 13/22 MP: 7/9
  4462 | D:4      | Found a hazy altar of Hepliaklqana.
  4776 | D:4      | Learned a level 5 spell: Blade Hands
  4820 | D:4      | Gained mutation: You are covered in thick fur. (AC +2)
                  | [Felid growth]
  4820 | D:4      | Reached XP level 6. HP: 25/25 MP: 8/10
  4855 | D:4      | Reached skill level 5 in Dodging
  5284 | D:3      | Reached skill level 5 in Stealth
  5298 | D:3      | Reached skill level 5 in Unarmed Combat
  5298 | D:3      | Reached skill level 5 in Transmutations
  5781 | D:4      | Found a runed translucent door.
  5783 | D:4      | Noticed sshlich's ghost (amateur DENe)
  5798 | D:4      | Killed sshlich's ghost
  5799 | D:4      | Reached XP level 7. HP: 17/28 MP: 11/11
  6388 | D:4      | Learned a level 2 spell: Wereblood
  6398 | D:5      | Entered Level 5 of the Dungeon
  6811 | D:5      | Noticed Ijyb
  6822 | D:5      | Killed Ijyb
  7142 | D:5      | Found a snail-covered altar of Cheibriados.
  7327 | D:5      | Found a shadowy altar of Dithmenos.
  7474 | D:5      | Found a burning altar of Makhleb.
  8127 | D:6      | Reached XP level 8. HP: 16/32 MP: 12/12
  8753 | D:6      | Found a sacrificial altar of Ru.
  8950 | D:6      | Found the +2 ratskin cloak {*Rats rPois rN+ Str-1 Int-1
                  | Dex+1}
 10190 | D:6      | Found a runed translucent door.
 10191 | D:6      | Noticed Crazy Yiuf
 10324 | D:6      | Killed Crazy Yiuf
 11026 | D:7      | Found a staircase to the Ecumenical Temple.
 11445 | D:8      | Found an iron altar of Okawaru.
 11806 | D:8      | Noticed a centaur warrior
 11807 | D:8      | Found a transporter.
 11820 | D:8      | Noticed Bergy's ghost (novice GrFi)
 11828 | D:8      | Reached XP level 9. HP: 7/35 MP: 9/13
 11836 | D:8      | Slain by a worker ant
 11837 | D:8      | Reached XP level 8. HP: 0/32 MP: 10/12
 11837 | D:8      | Found a radiant altar of Vehumet.
 11925 | D:8      | Found a transporter.
 11961 | D:8      | Noticed Pikel
 11979 | D:8      | Killed Pikel
 12048 | D:8      | Found Bicojaepn's Magic Scroll Shop.
 12057 | D:8      | Bought a scroll of fear for 42 gold pieces
 12057 | D:8      | Bought a scroll of teleportation for 36 gold pieces
 12057 | D:8      | Bought a scroll of identify for 24 gold pieces
 12623 | D:9      | Found a basalt altar of Yredelemnul.
 12646 | D:9      | Reached XP level 9. HP: 35/35 MP: 11/13
 12884 | D:9      | Found an iron altar of Okawaru.
 13104 | D:9      | Found an ornate altar of the Wu Jian Council.
 14448 | Temple   | Entered the Ecumenical Temple
 14773 | D:10     | Entered Level 10 of the Dungeon
 14904 | D:10     | Noticed a komodo dragon
 14912 | D:10     | Killed a komodo dragon
 15032 | D:10     | Reached XP level 10. HP: 39/39 MP: 8/14
 15034 | D:10     | Noticed Fannar
 15082 | D:9      | HP: 1/39 [poisoned by a water moccasin]
 15084 | D:9      | Succumbed to a water moccasin's poison
 15085 | D:9      | Reached XP level 9. HP: 0/35 MP: 9/13
 15170 | D:10     | Killed Fannar
 15171 | D:10     | Reached skill level 10 in Stealth
 15218 | D:10     | Noticed Maggie
 15225 | D:10     | Killed Maggie
 15226 | D:10     | Reached skill level 10 in Dodging
 15268 | D:10     | Found Kiliynur's General Store.
 16379 | D:11     | Reached skill level 10 in Transmutations
 16389 | D:11     | HP: 1/35 [yak (2)]
 16390 | D:11     | Mangled by a yak

Illustrated notes

Levels and vault maps discovered:
D:1:      dpeg_arrival_rooms_b, layout_loops_ring, minmay_crystal_room
D:2:      layout_basic, kennysheep_ying_yang, lemuel_coloured_pillars_altar
D:3:      layout_loops_ring, chequers_ecumenical_altar_simple_redux
D:4:      layout_cave_pools, overflow_temple_1_default,
          ebering_ghost_reflecting_pool, minmay_misc_feat_five
D:5:      layout_rooms, kennysheep_mini_moat, lightli_temple_of_fire,
          cheibriados_altar_1, uniq_ijyb
D:6:      wander_guarded_unrand_ratskin, layout_basic,
          nicolae_ru_sacrificial_ziggurat, uniq_crazy_yiuf_cottage
D:7:      layout_layer_cave, minmay_temple_entry_sparse_star
D:8:      layout_rooms, vehumet_crystals, basic_altar, serial_shops, shop,
          gammafunk_ghost_arena, uniq_pikel
D:9:      layout_layer_cave, lemuel_crystal_altar, kennysheep_okawaru_gauntlet,
          lemuel_mausoleum_altar_yredelemnul
D:10:     layout_roguey, serial_shops, shop_coins, uniq_maggie, uniq_fannar
D:11:     layout_small_grid, dpeg_oklobed_lair
Temple:   minmay_temple_bridge_abc

Skill      XL: |  1  2  3  4  5  6  7  8  9 10 |
---------------+-------------------------------+-----
Dodging        | 3 4 5 6 8 10 | 10.0
Stealth        | 1 2 4 5 6 8 10 | 10.0
Transmutations | 3 4 5 6 8 10 | 10.0
Unarmed Combat | 4 5 8 9 |  9.9
Fighting       | |  1.0
Spellcasting   | |  2.0

Action                   |  1- 3 |  4- 6 |  7- 9 | 10-12 || total
-------------------------+-------+-------+-------+-------++-------
Melee: Unarmed           |    85 |   166 |   539 |    19 ||   809
       Bite              |     6 |    17 |    52 |     3 ||    78
       Headbutt          |    16 |    31 |    67 |       ||   114
       Punch             |     2 |     2 |    14 |       ||    18
 Cast: Beastly Appendage |    27 |    43 |    67 |       ||   137
       Blade Hands       |       |       |    22 |     1 ||    23
  Use: Scroll            |       |       |    10 |       ||    10
       Potion            |       |       |     2 |       ||     2
 Stab: Sleeping          |     5 |    12 |    31 |       ||    48
Armor: Skin              |     3 |    18 |    62 |     3 ||    86
Dodge: Dodged            |    74 |   156 |   516 |    23 ||   769
